 Dungeon Crawl Stone Soup version 0.29.0-11-gd7f09526c8 (webtiles) character file.

Game seed: 16549225894103743807

499 browni3141 the Covert (level 6, -4/30 HPs)
             Began as a Spriggan Transmuter on Sept 5, 2022.
             Was an Initiate of Dithmenos.
             Shot with an arrow by a centaur (12 damage)
             ... on level 5 of the Dungeon.
             The game lasted 00:10:33 (7640 turns).

browni3141 the Covert (Spriggan Transmuter)         Turns: 7640, Time: 00:10:37

Health: -4/30      AC:  2    Str:  6    XL:     6   Next: 94%
Magic:  11/11      EV: 18    Int: 15    God:    Dithmenos [......]
Gold:   243        SH:  0    Dex: 17    Spells: 9/10 levels left

rFire   . . .      SeeInvis +   a - +0 sling
rCold   . . .      Faith    .   (no shield)
rNeg    . . .      Spirit   .   m - +0 robe
rPois   .          Reflect  .   (helmet restricted)
rElec   .          Harm     .   (no cloak)
rCorr   .          Rampage  .   (gloves unavailable)
Will    +....                   (boots unavailable)
Stlth   ++++......              (no amulet)
HPRegen 0.10/turn               (no ring)
MPRegen 0.12/turn               (no ring)

@: weakened, very quick
A: very small, no large weapons, unfitting armour, see invisible, speed 3
a: Renounce Religion


You were on level 5 of the Dungeon.
You worshipped Dithmenos.
Dithmenos was noncommittal.
You visited 1 branch of the dungeon, and saw 5 of its levels.

You collected 243 gold pieces.


Innate Abilities, Weirdness & Mutations

You are very small and have problems with some larger weapons.
You are too small for most types of armour.
You have supernaturally acute eyesight. (SInv)
You cover ground extremely quickly. (Speed+++)


   Skills:
 - Level 1.0 Fighting
 * Level 4.7 Ranged Weapons
 - Level 3.0 Dodging
 - Level 8.0 Stealth
 - Level 2.4 Unarmed Combat
 - Level 2.6 Spellcasting
 - Level 2.6 Transmutations


You had 9 spell levels left.
You knew the following spells:

 Your Spells              Type           Power      Damage    Failure   Level
e - Beastly Appendage     Tmut           20%        N/A       7%          1

Your spell library contained the following spells:

 Spells                   Type           Power      Damage    Failure   Level
 Wereblood                Tmut           10%        N/A       11%         2
 Slow                     Hex            8%         N/A       21%         1
 Spider Form              Tmut/Pois      6%         N/A       34%         3
 Confusing Touch          Hex            2%         N/A       52%         3
 Vampiric Draining        Necr           2%         2d6       52%         3
 Ice Form                 Ice/Tmut       6%         N/A       75%         4
 Chain Lightning          Conj/Air       1%         3d1       100%        9
 Fire Storm               Conj/Fire      1%         7d1       100%        9
 Shatter                  Erth           1%         3d5*      100%        9

Inventory:

Hand Weapons
 a - a +0 sling (weapon)
 d - a +0 short sword
Missiles
 p - 8 poisoned darts {@f3}
Armour
 m - a +0 robe (worn)
Magical Staves
 c - a staff of death
Scrolls
 g - 2 scrolls of identify {unknown}
 n - a scroll of vulnerability {unknown}
 o - a scroll of enchant weapon {unknown}
 q - a scroll of butterflies {unknown}
 r - a scroll of noise {unknown}
 s - 2 scrolls of teleportation {unknown}
Potions
 b - a potion of lignification {!q}
 e - a potion of cancellation {unknown}
 f - a potion of might {unknown}
 h - 3 potions of heal wounds {unknown}
 i - a potion of flight {unknown}
 j - 4 potions of haste {unknown}
 k - a potion of curing {@q1}
 l - a potion of degeneration {unknown}
 t - a potion of magic {unknown}

Dungeon Overview and Level Annotations

Branches:
Dungeon (5/15)
 Temple: D:4-7

Altars:
Dithmenos

Shops:
D:2 ( D:3

[
##.###..##
##.#.###
##.## #.#
#.#####
#.....# .#
#####.#
#.# #.#
#.c #@#
#.. #.# .g
#)# (#
#.#####.#
#.c.cgg.#
#########


You could see a centaur.


Message History

The gnoll misses you.
The gnoll bouda barks out a call to the hunt!
The gnoll picks up the pace!
You shoot a sling bullet.
The sling bullet hits the gnoll but does no damage.
The gnoll is almost dead.
The gnoll hits you but does no damage. The gnoll closely misses you.
Unknown command.
You shoot a sling bullet.
The sling bullet hits the gnoll but does no damage.
The gnoll is almost dead.
A gnoll comes into view. It is wielding a +0 club.
The gnoll hits you with a +0 whip!
The gnoll bouda gazes fiercely through you!
You feel your attacks grow feeble.
You shoot a sling bullet.
The sling bullet barely misses the gnoll.
The sling bullet barely misses the centaur.
The sling bullet hits the gnoll bouda but does no damage.
The gnoll bouda barks out a call to the hunt!
The gnoll picks up the pace!
The gnoll hits you with a +0 whip.
You shoot a sling bullet. The sling bullet hits the gnoll.
You kill the gnoll!
Dithmenos accepts your kill.
The centaur wields a +0 shortbow.
The centaur shoots an arrow.
The arrow hits you!
* * * LOW HITPOINT WARNING * * *
The centaur shoots an arrow.
The arrow hits you!
You die...

Skill      XL: |  1  2  3  4  5  6 |
---------------+-------------------+-----
Fighting       | 1 |  1.0
Stealth        | 2 4 5 6 7 8 |  8.0
Dodging        | 3 |  3.0
Ranged Weapons | 2 3 4 |  4.7
Unarmed Combat | |  2.4
Spellcasting   | |  2.6
Transmutations | |  2.6

Action                   |  1- 3 |  4- 6 || total
-------------------------+-------+-------++-------
Melee: Unarmed           |    90 |       ||    90
       Kick              |    25 |       ||    25
       Headbutt          |    11 |       ||    11
       Punch             |     1 |       ||     1
 Fire: Sling             |    26 |   382 ||   408
Throw: Dart              |       |     1 ||     1
 Cast: Beastly Appendage |    22 |       ||    22
  Use: Potion            |     1 |     1 ||     2
 Stab: Sleeping          |     9 |       ||     9
Armor: Robe              |     6 |     7 ||    13
Dodge: Dodged            |    52 |   109 ||   161

Levels and vault maps discovered:
D:1:      ebering_trefoil_twist, layout_basic, lexackson_kobold_supper
D:2:      layout_rooms, serial_shops, nicolae_lakefront_shop
D:3:      layout_basic, serial_shops, nicolae_shop_stone
D:4:      layout_loops_ring, grunt_dithmenos_smoke, kennysheep_small_square
D:5:      layout_loops_corners, minitemple, serial_shops,
          nicolae_shop_hallway_stairs, shop, shop, shop,
          minmay_chambers_of_fives, uniq_crazy_yiuf_cottage, uniq_menkaure

Notes
Turn   | Place    | Note
-------+----------+-------------------------------------------
     0 | D:1      | browni3141 the Spriggan Transmuter began the quest for the
                  | Orb.
     0 | D:1      | Reached XP level 1. HP: 9/9 MP: 5/5
    31 | D:1      | Reached skill level 1 in Fighting
    33 | D:1      | Reached skill level 1 in Stealth
    38 | D:1      | Reached skill level 2 in Stealth
    68 | D:1      | Reached XP level 2. HP: 9/14 MP: 4/6
   209 | D:1      | Reached skill level 3 in Stealth
   493 | D:1      | Reached skill level 4 in Stealth
  1043 | D:1      | Reached XP level 3. HP: 13/18 MP: 6/8
  2313 | D:2      | Reached skill level 5 in Stealth
  2436 | D:2      | Reached skill level 3 in Dodging
  2898 | D:2      | Found Lenleod's Weapon Emporium.
  3164 | D:3      | Reached XP level 4. HP: 22/22 MP: 9/9
  3211 | D:3      | Reached skill level 1 in Ranged Weapons
  4125 | D:3      | Reached skill level 6 in Stealth
  4343 | D:3      | Reached skill level 2 in Ranged Weapons
  4343 | D:3      | Reached XP level 5. HP: 25/25 MP: 10/10
  5254 | D:4      | Reached skill level 7 in Stealth
  5271 | D:4      | Reached skill level 3 in Ranged Weapons
  5462 | D:4      | Reached XP level 6. HP: 30/30 MP: 11/11
  5696 | D:4      | Reached skill level 8 in Stealth
  6324 | D:4      | Reached skill level 4 in Ranged Weapons
  6412 | D:4      | Found a shadowy altar of Dithmenos.
  6439 | D:4      | Became a worshipper of Dithmenos the Shadowed
  6654 | D:3      | Found Huruukk's Armour Shop.
  7559 | D:5      | Entered Level 5 of the Dungeon
  7640 | D:5      | Shot with an arrow by a centaur

Vanquished Creatures
  A phantom (D:4)
  2 scorpions (D:4)
  A jelly (D:4)
  2 iguanas (D:4)
  An orc wizard (D:3)
  10 adders
  A gnoll (D:5)
  A worm (D:3)
  3 dart slugs
  20 orcs
  6 ball pythons
  3 bats
  7 endoplasms
  2 giant cockroaches (D:1)
  5 goblins
  4 hobgoblins
  6 kobolds
  2 quokkas (D:3)
  6 frilled lizards
  10 rats
93 creatures vanquished.

Vanquished Creatures (others)
  15 plants (D:1)
15 creatures vanquished.

Grand Total: 108 creatures vanquished

Table legend: (Time is in decaauts)
 A = Elapsed time spent in this place.
 B = Non-inter-level travel time spent in this place.
 C = Inter-level travel time spent in this place.
 D = Time resting spent in this place.
 E = Time spent auto-exploring this place.
 F = Levels seen in this place.
 G = Mean time per level.
                   A        B        C        D        E       F      G
               +--------+--------+--------+--------+--------+-----+--------+
         Total |   6258 |   6004 |    254 |    771 |   3891 |   5 | 1251.6 |
       Dungeon |   6258 |   6004 |    254 |    771 |   3891 |   5 | 1251.6 |
               +--------+--------+--------+--------+--------+-----+--------+

Top non-repeatable levels by time:
     D:4: 1758 daAuts
     D:1: 1546 daAuts
     D:2: 1465 daAuts
     D:3: 1432 daAuts
     D:5: 55 daAuts

Table legend:
 A = Non-vault XP
 B = Vault XP
 C = Vault XP percentage of total XP
 D = Non-vault monster count
 E = Vault monster count
 F = Vault count percentage of total count
                 A         B        C        D         E       F
            +---------+---------+-------+---------+---------+-------
      Total |     608 |     119 |  16.4 |      84 |       9 |   9.7
            +---------+---------+-------+---------+---------+-------
        D:1 |      44 |       8 |  15.4 |      24 |       7 |  22.6
        D:2 |      65 |       0 |   0.0 |      12 |       0 |   0.0
        D:3 |     152 |       0 |   0.0 |      29 |       0 |   0.0
        D:4 |     333 |     111 |  25.0 |      18 |       2 |  10.0
        D:5 |      14 |       0 |   0.0 |       1 |       0 |   0.0
            +---------+---------+-------+---------+---------+-------
